 Dungeon Crawl Stone Soup version 0.16.2-12-gd0ad4c3 (webtiles) character file.

25 dscm the Digger (level 3, 0/21 HPs)
             Began as an Octopode Earth Elementalist on Sept 11, 2015.
             Slain by Tril the big kobold
             ... wielding a +2 short sword of flaming
             ... created by the player character
              (1 damage)
             ... on level 4 of the Dungeon.
             The game lasted 00:02:20 (449 turns).

dscm the Digger (Octopode Earth Elementalist)        Turns: 449, Time: 00:02:21

Health: 0/21       AC:  1    Str:  4    XL:     3   Next: 6%
Magic:  1/6        EV: 12    Int: 21    God:
Gold:   70         SH:  0    Dex: 12    Spells: 3 memorised, 1 level left

rFire  . . .     SeeInvis .     b - 2 stones
rCold  . . .     Clarity  .     (no shield)
rNeg   . . .     SustAb   .     (helmet restricted)
rPois  .         Gourm    .     (no amulet)
rElec  .         Spirit   .     j - ring of protection from magic
rCorr  .         Warding  .     (no ring)
rMut   .         Stasis   .     (no ring)
MR     +....                    (no ring)
Stlth  +++.......               (no ring)
                                (no ring)
                                (no ring)
                                (no ring)

@: very slightly contaminated, hasted, very quick, somewhat resistant to hostile
enchantments, fairly stealthy
A: almost no armour, amphibious, 8 rings, constrict 8, camouflage 1, gelatinous
body 1
a: no special abilities


You were on level 4 of the Dungeon.
You were not hungry.

You visited 1 branch of the dungeon, and saw 4 of its levels.

You collected 70 gold pieces.

Inventory:

Hand weapons
 i - a +0 short sword
 k - a +3 hunting sling
Missiles
 b - 2 stones (in tentacle)
Jewellery
 j - a ring of protection from magic (left tentacle)
Books
 d - a book of Geomancy

   Spells                             Type                      Level
   a - Sandblast                      Earth                        1
   b - Stoneskin                      Transmutation/Earth          2
   c - Passwall                       Transmutation/Earth          3
   d - Stone Arrow                    Conjuration/Earth            3
   e - Petrify                        Transmutation/Earth          4
   f - Lee's Rapid Deconstruction     Earth                        5
Miscellaneous
 c - a plain deck of wonders {drawn: 5}
Comestibles
 a - a bread ration
 f - a royal jelly
 l - a meat ration


   Skills:
 - Level 2.0 Dodging
 - Level 2.6 Stealth
 * Level 2.6 Spellcasting
 - Level 1.0 Transmutations
 + Level 3.6 Earth Magic


You had one spell level left.
You knew the following spells:

 Your Spells              Type           Power        Failure   Level  Hunger
a - Sandblast             Erth           ###...       3%          1    None
b - Stoneskin             Trmt/Erth      ##......     12%         2    ##.....
c - Stone Arrow           Conj/Erth      ##....       24%         3    ###....


Dungeon Overview and Level Annotations

Branches:
Dungeon (4/15)
 Temple: D:4-7

Altars:
Nemelex Xobeh


Innate Abilities, Weirdness & Mutations

You cannot wear most types of armour.
You are amphibious.
You can wear up to eight rings at the same time.
You can use your tentacles to constrict many enemies at once.
Your skin changes colour to match your surroundings (Stealth).
Your rubbery body absorbs attacks (AC +1).


Message History

Tril closely misses you.
Casting: Sandblast
Confirm with . or Enter, or press ? or * to list all spells.
Aiming: Sandblast
Press: ? - help, Shift-Dir - straight line, f/p - Tril
Aim: Tril the big kobold, wielding a short sword of flaming and wearing a glowing robe (constricted by you, durably summoned)
The rocky blast hits Tril.
Tril is lightly wounded.
Casting: Sandblast
Confirm with . or Enter, or press ? or * to list all spells.
Aiming: Sandblast
Press: ? - help, Shift-Dir - straight line, f/p - Tril
Aim: Tril the big kobold, wielding a short sword of flaming and wearing a glowing robe (lightly wounded, constricted by you, durably summoned)
The rocky blast hits Tril.
Tril is lightly wounded.
You constrict Tril, but do no damage.
Tril hits you with a short sword of flaming.
* * * LOW HITPOINT WARNING * * *
Tril burns you.
You die...

##.#####..........##
##..(......#.####...##
#.....###.##.........#
#.....###.#######....#
#..........# ##.#.#
#.<...###.># #.# #
#.....# #..# ##.#
##.#### #..######.#..#
#.# #..#.@...###.# #.#
#..#.K###.# ## #..
#..#.## #.# ### #..#.
.# . #. . #. #. .. .#
#. .


You could see Tril the big kobold.

Vanquished Creatures
  2 worms (D:2)
  3 goblins
  A quokka (D:3)
  3 giant cockroaches
  4 kobolds
  A rat (D:2)
14 creatures vanquished.

Notes
Turn   | Place    | Note
--------------------------------------------------------------
     0 | D:1      | dscm, the Octopode Earth Elementalist, began the quest for the Orb.
     0 | D:1      | Reached XP level 1. HP: 11/11 MP: 3/3
    93 | D:2      | Reached XP level 2. HP: 4/17 MP: 0/4
   170 | D:2      | Learned a level 2 spell: Stoneskin
   371 | D:3      | Reached XP level 3. HP: 17/21 MP: 2/6
   376 | D:3      | Learned a level 3 spell: Stone Arrow
   433 | D:4      | Found a sparkling altar of Nemelex Xobeh.
   439 | D:4      | Drew Focus: Int increased to 19, Str decreased to 6
   440 | D:4      | Drew Focus: Int increased to 20, Str decreased to 5
   441 | D:4      | Noticed Tril
   443 | D:4      | Drew Focus: Int increased to 21, Str decreased to 4
   449 | D:4      | HP: 1/21 [Tril the big kobold/short sword of flaming[the player character] (4)]
   449 | D:4      | Slain by Tril the big kobold

Action                   || total
-------------------------++-------
Melee: Unarmed           ||    12
 Cast: Sandblast         ||    21
Evoke: Deck              ||     5
  Use: Scroll            ||     2
       Potion            ||     2
 Stab: Sleeping          ||     1
